 Dungeon Crawl Stone Soup version 0.25-a0-665-ga69d64035b (webtiles) character file.

Game seed: 18088554883891411035, levelgen mode: deterministic

5574 DasRunzen the Slasher (level 10, -10/84 HPs)
             Began as a Demigod Gladiator on Mar 26, 2020.
             Mangled by a porcupine (13 damage)
             ... on level 10 of the Dungeon.
             The game lasted 00:21:22 (9789 turns).

DasRunzen the Slasher (Demigod Gladiator)           Turns: 9789, Time: 00:21:23

Health: -10/84     AC:  9    Str: 22    XL:     10   Next: 21%
Magic:  22/22      EV: 16    Int: 18    God:
Gold:   359        SH:  0    Dex: 17    Spells: 16/19 levels left

rFire    . . .     SeeInvis .   w - +0 great sword
rCold    . . .     Gourm    .   (shield currently unavailable)
rNeg     . . .     Faith    .   b - +0 leather armour
rPois    .         Spirit   .   c - +2 helmet
rElec    .         Reflect  .   h - +2 cloak
rCorr    .         Harm     .   a - +1 pair of gloves {archery}
MR       +....                  k - +0 pair of boots
Stlth    +.........             o - amulet of magic regeneration
HPRegen  0.24/turn              s - +5 ring of strength
MPRegen  0.43/turn              (no ring)

@: corroded
A: high mp 1
a: no special abilities


You were on level 10 of the Dungeon.
You were not hungry.

You visited 1 branch of the dungeon, and saw 10 of its levels.
You also visited: Sewer.

You collected 539 gold pieces.
You spent 180 gold pieces at shops.

Inventory:

Hand Weapons
 w - a +0 great sword (weapon)
Missiles
 d - 3 throwing nets (quivered)
Armour
 a - a +1 pair of gloves of archery (worn)
 b - a +0 leather armour (worn)
 c - a +2 helmet (worn)
 h - a +2 cloak (worn)
 i - the cursed +0 kite shield of Hopscotch {rPois Int+3 Slay-6, unknown}
   (You found it on level 8 of the Dungeon)

   It affects your intelligence (+3).
   It affects your accuracy and damage with ranged weapons and melee attacks
   (-6).
   It protects you from poison.
   It has a curse placed upon it.
 k - a +0 pair of boots (worn)
Jewellery
 e - an uncursed ring of ice
 o - an amulet of magic regeneration (around neck)
 s - a +5 ring of strength (left hand)
Wands
 j - a wand of acid (9)
 x - a wand of flame (13)
 y - a wand of digging (6)
Scrolls
 g - 6 scrolls of teleportation
 l - 3 scrolls of amnesia
 t - a scroll of remove curse
 B - a scroll of identify
Potions
 m - a potion of brilliance
 n - 5 potions of flight
 p - a potion of haste
 q - a potion of berserk rage {unknown}
 r - 4 potions of curing {unknown}
 u - a potion of might {unknown}
 v - 2 potions of magic {unknown}
 z - a potion of mutation {unknown}
 A - a potion of stabbing {unknown}
Comestibles
 f - 17 rations


   Skills:
 + Level 6.4 Fighting
 + Level 6.7 Long Blades
 - Level 1.7 Throwing
 + Level 6.0 Armour
 + Level 6.7 Dodging
 + Level 3.3 Shields
 + Level 5.4 Spellcasting
 + Level 1.5 Hexes


You had 16 spell levels left.
You knew the following spells:

 Your Spells              Type           Power        Failure   Level  Hunger
a - Tukima's Dance        Hex            ##......     22%         3    ##.....

Your spell library contained the following spells:

 Spells                   Type           Power        Failure   Level  Hunger
 Apportation              Tloc           #.....       14%         1    None
 Foxfire                  Conj/Fire      #...         14%         1    None
 Summon Butterflies       Summ           #.......     14%         1    None
 Inner Flame              Hex/Fire       #.......     32%         3    ##.....
 Conjure Flame            Conj/Fire      #.......     41%         3    ##.....
 Lesser Beckoning         Tloc           #.........   41%         3    ##.....
 Sticky Flame             Conj/Fire      #.......     82%         4    ####...
 Alistair's Intoxication  Tmut/Pois      #.......     99%         5    ######.
 Fireball                 Conj/Fire      #.........   99%         5    ######.
 Invisibility             Hex            ##......     100%        6    #######


Dungeon Overview and Level Annotations

Branches:
Dungeon (10/15)            Temple (0/1) D:4           Sewer (visited)
   Lair: D:8-11         Orc: D:9-12

Shops:
D:5 [   D:10 (


Innate Abilities, Weirdness & Mutations

You have an increased reservoir of magic. (+10% MP)


Message History

The porcupine bites you!
* * * LOW HITPOINT WARNING * * *
The centaur hits you.
* * * LOW HITPOINT WARNING * * *
The porcupine misses you.
You riposte.
You hit the porcupine.
The porcupine is moderately wounded.
You closely miss the centaur.
The centaur is heavily wounded.
The centaur hits you!
* * * LOW HITPOINT WARNING * * *
The porcupine bites you.
* * * LOW HITPOINT WARNING * * *
The centaur hits you.
* * * LOW HITPOINT WARNING * * *
The porcupine bites you but does no damage.
A hound comes into view.
Okay, then.
The porcupine twitches its whiskers.
The porcupine bites you!
You die...

......$.............PP.
..........h............
.....................#
.................∩...#
.....................#
.....................#
.....................####
.......cr........÷)......
........@........).......
###############..########
#).# #..# #.)# #<.# #..#
#..# ....


You could see a centaur, a porcupine and a hound (wandering).

Vanquished Creatures
  A two-headed ogre (D:9)
  A queen bee (D:8)
  A troll (D:9)
  An acid dragon (D:10)
  A porcupine (D:10)
  2 ice beasts (D:9)
  A necrophage (D:9)
  2 sky beasts
  2 phantoms
  2 centaurs
  6 ogres
  6 big kobolds
  4 bullfrogs
  2 gnoll sergeants
  A wyvern zombie (D:8)
  4 scorpions
  13 killer bees (D:8)
  4 howler monkeys
  6 crimson imps
  4 hounds
  A jelly (D:8)
  A quasit (D:8)
  An orc wizard (D:5)
  A bullfrog skeleton (D:10)
  3 orc priests (D:8)
  2 iguanas
  8 worker ants
  A hound skeleton (D:6)
  7 gnolls
  14 adders
  A river rat (Sewer)
  2 shadow imps
  9 oozes
  6 worms
  4 dart slugs
  7 leopard geckos
  20 orcs
  4 ball pythons
  9 bats
  9 giant cockroaches
  9 goblins
  7 hobgoblins
  5 jackals
  16 kobolds
  6 quokkas
  3 frilled lizards
  2 jackal skeletons (D:4)
  A leopard gecko skeleton (D:8)
  A quokka zombie (D:5)
  16 rats
240 creatures vanquished.

Vanquished Creatures (collateral kills)
  A quasit (D:7)
1 creature vanquished.

Vanquished Creatures (others)
  12 fungi (D:10)
  A plant (D:10)
13 creatures vanquished.

Grand Total: 254 creatures vanquished

Notes
Turn   | Place    | Note
-------+----------+-------------------------------------------
     0 | D:1      | DasRunzen the Demigod Gladiator began the quest for the
                  | Orb.
     0 | D:1      | Reached XP level 1. HP: 17/17 MP: 3/3
    96 | D:1      | Reached XP level 2. HP: 4/24 MP: 4/4
   727 | D:1      | Reached XP level 3. HP: 27/29 MP: 6/6
   856 | D:2      | Reached skill level 1 in Armour
   883 | D:2      | Reached skill level 1 in Spellcasting
  2016 | D:3      | Reached XP level 4. HP: 37/37 MP: 8/8
  3086 | D:4      | Reached XP level 5. HP: 18/44 MP: 8/10
  3107 | D:4      | Noticed an ogre
  3178 | D:4      | Killed an ogre
  3479 | D:4      | Noticed a phantom
  3498 | D:4      | Noticed a sky beast
  3500 | D:4      | Killed a phantom
  3500 | D:4      | Reached XP level 6. HP: 47/51 MP: 10/12
  3788 | D:4      | Found a staircase to the Ecumenical Temple.
  4128 | D:5      | Entered Level 5 of the Dungeon
  4388 | D:5      | Reached XP level 7. HP: 52/57 MP: 13/13
  4419 | D:5      | Found a glowing drain.
  4451 | Sewer    | Entered a sewer
  4598 | Sewer    | Reached skill level 1 in Shields
  5203 | D:5      | Reached XP level 8. HP: 53/66 MP: 16/16
  5284 | D:5      | Found Feok Gich's Antique Armour Shoppe.
  5294 | D:5      | Bought a pair of runed gloves for 180 gold pieces
  5661 | D:6      | Found a radiant altar of Vehumet.
  5661 | D:6      | Found a bloodstained altar of Trog.
  5669 | D:6      | Reached skill level 5 in Long Blades
  5702 | D:6      | Reached skill level 5 in Dodging
  5892 | D:6      | Found a glowing silver altar of Zin.
  5895 | D:6      | Found an ornate altar of the Wu Jian Council.
  5895 | D:6      | Found a shadowy altar of Dithmenos.
  5898 | D:6      | Found a shattered altar of Ashenzari.
  6104 | D:6      | Reached skill level 5 in Fighting
  6993 | D:8      | Noticed a queen bee
  7029 | D:8      | Killed a queen bee
  7029 | D:8      | Reached XP level 9. HP: 46/74 MP: 17/19
  7047 | D:8      | Reached skill level 5 in Armour
  7475 | D:8      | Got a twisted kite shield
  7520 | D:8      | Found a blossoming altar of Fedhas.
  7743 | D:8      | Reached skill level 5 in Spellcasting
  8276 | D:8      | Found a burning altar of Makhleb.
  8504 | D:9      | Got a dazzling rapier
  8537 | D:9      | Found a hazy altar of Hepliaklqana.
  8633 | D:9      | Found a burning altar of Makhleb.
  8797 | D:9      | Identified the +0 rapier of the Fool {vorpal, rF+ Stlth+}
                  | (You found it on level 9 of the Dungeon)
  8809 | D:9      | Learned a level 3 spell: Tukima's Dance
  8882 | D:9      | Found a sparkling altar of Nemelex Xobeh.
  8883 | D:9      | Found an opulent altar of Gozag.
  9177 | D:10     | Entered Level 10 of the Dungeon
  9178 | D:10     | Noticed a two-headed ogre
  9194 | D:9      | Killed a two-headed ogre
  9194 | D:9      | Reached skill level 1 in Hexes
  9194 | D:9      | Reached XP level 10. HP: 12/83 MP: 21/21
  9448 | D:10     | Found Nuoj Jebb's Antique Weapon Shoppe.
  9787 | D:10     | HP: 2/84 [centaur (3)]
  9789 | D:10     | Mangled by a porcupine

Levels and vault maps discovered:
D:1:      lightli_molten_gateway, layout_basic
D:2:      layout_loops_ring, wad_floor_pattern_1, minmay_cupped
D:3:      layout_loops_corners
D:4:      layout_cave_pools, temple_fountains, first_ration,
          columned_hall_lemuel
D:5:      layout_cave_pods, portal_sewer_entry_c, serial_shops, shop
D:6:      layout_loops_ring, grunt_temple_overflow_open,
          gammafunk_temple_overflow_pools
D:7:      layout_loops_corners
D:8:      layout_loops_corners, makhleb_grotto_becter, david_nohive_1,
          fedhas_altar_3
D:9:      layout_irregular_city, grunt_temple_overflow_opulence,
          kennysheep_mini, basic_altar, corexii_checkpoint_b
D:10:     layout_long_grid, due_lair_maze_entry_diamond, serial_shops, shop,
          uniq_fannar

Skill      XL: |  1  2  3  4  5  6  7  8  9 10 |
---------------+-------------------------------+-----
Fighting       | 2 3 4 5 6 |  6.4
Long Blades    | 3 4 5 6 |  6.7
Dodging        | 3 4 5 6 |  6.7
Armour         | 1 2 3 4 5 6 |  6.0
Spellcasting   | 1 2 3 4 5 |  5.4
Shields        | 1 3 |  3.3
Hexes          | 1 |  1.5
Throwing       | |  1.7

Action                   |  1- 3 |  4- 6 |  7- 9 | 10-12 || total
-------------------------+-------+-------+-------+-------++-------
Melee: Long sword        |   139 |   201 |   221 |       ||   561
       Great sword       |       |       |   317 |    46 ||   363
  Use: Scroll            |     6 |     3 |    11 |       ||    20
       Potion            |       |       |     8 |       ||     8
 Stab: Sleeping          |     2 |       |     3 |       ||     5
  Eat: Chunk             |     3 |     8 |    14 |     3 ||    28
       Ration            |       |       |     1 |       ||     1
Armor: Leather armour    |    45 |    69 |   215 |    33 ||   362
Dodge: Dodged            |   116 |   173 |   503 |    74 ||   866
Block: Buckler           |       |    11 |    47 |       ||    58
       Rpst.: Long sword |    26 |    50 |    50 |       ||   126
       Great sword       |       |       |    92 |    20 ||   112

Table legend:
 A = Non-vault XP
 B = Vault XP
 C = Vault XP percentage of total XP
 D = Non-vault monster count
 E = Vault monster count
 F = Vault count percentage of total count
                 A         B        C        D         E       F
            +---------+---------+-------+---------+---------+-------
      Total |    5889 |    2074 |  26.0 |     189 |      52 |  21.6
            +---------+---------+-------+---------+---------+-------
        D:1 |      51 |       0 |   0.0 |      26 |       0 |   0.0
        D:2 |      52 |       7 |  11.9 |      21 |       2 |   8.7
        D:3 |     103 |       0 |   0.0 |      24 |       0 |   0.0
        D:4 |     588 |       0 |   0.0 |      23 |       0 |   0.0
        D:5 |     430 |       5 |   1.1 |      13 |       4 |  23.5
        D:6 |    1017 |       0 |   0.0 |      25 |       0 |   0.0
        D:7 |     247 |       0 |   0.0 |       8 |       0 |   0.0
        D:8 |    1162 |    1179 |  50.4 |      29 |      15 |  34.1
        D:9 |    1906 |       2 |   0.1 |      12 |       1 |   7.7
       D:10 |     333 |     242 |  42.1 |       8 |       2 |  20.0
      Sewer |       0 |     639 | 100.0 |       0 |      28 | 100.0
            +---------+---------+-------+---------+---------+-------
